[Event "FIDE WSTC Open 50 2025"]
[Site "Prague"]
[Date "2025.02.20"]
[Round "4.27"]
[White "Varga, Zoltan"]
[Black "Barron, Michael"]
[Result "1-0"]
[Annotator "ChessBase"]
[ECO "A80"]
[WhiteElo "2301"]
[BlackElo "2049"]
[PlyCount "89"]
[EventDate "2025.02.17"]
[EventType "team-tourn"]
[EventCountry "CZE"]
[SourceTitle "playchess.com"]
[Source "ChessBase"]
[SourceQuality "1"]
[TimeControl "40/5400+30:1800+30"]

1. d4 f5 2. Nh3 Nf6 3. g3 d5 4. Bg2 e6 5. O-O c5 6. c4 Nc6 7. cxd5 Nxd5 8. Nc3 Nxc3 9. bxc3 cxd4 10. cxd4 Nxd4 11. Bb2 e5 12. e3 Nc6 13. Bxc6+ bxc6 14. Qxd8+ Kxd8 15. Rfd1+ Ke8 16. Bxe5 Be6 17. Nf4 Bf7 18. Rab1 Bxa2 19. Rb7 Rd8 20. Rxd8+ Kxd8 21. Rxa7 Bb3 22. Bxg7 Bxg7 23. Rxg7 Kc8 24. Kg2 c5 25. Ra7 Rd8 26. Ra5 c4 27. Rxf5 Kb7 28. Ne6 Rd2 29. Nd4 Ba2 30. g4 Rb2 31. Rb5+ Rxb5 32. Nxb5 Kc6 33. Nc3 Bb3 34. Kf3 Bc2 35. e4 Kc5 36. Ke3 Bd3 37. g5 Bf1 38. h4 Bh3 39. f4 Bg4 40. f5 Bh5 41. e5 Be8 42. e6 Kd6 43. Kd4 Bh5 44. Ne4+ Ke7 45. Ke5 1-0

[Event "FIDE WSTC Open 50 2025"]
[Site "Prague"]
[Date "2025.02.20"]
[Round "4.28"]
[White "Findlay, Ian T."]
[Black "Horvath, Peter"]
[Result "0-1"]
[Annotator "RC"]
[ECO "B32"]
[WhiteElo "2089"]
[BlackElo "2354"]
[PlyCount "104"]
[EventDate "2025.02.17"]
[EventType "team-tourn"]
[EventCountry "CZE"]
[SourceTitle "playchess.com"]
[Source "ChessBase"]
[SourceQuality "1"]
[TimeControl "40/5400+30:1800+30"]

1. e4 c5 2. Nf3 Nc6 3. d4 cxd4 4. Nxd4 e5 5. Nb5 d6 6. c4 Be7 7. N1c3 a6 8. Na3 f5 9. exf5 Bxf5 10. Bd3 Be6 11. O-O Nf6 12. Nc2 O-O 13. b3 Qd7 14. Bb2 Bd8 15. Qd2 Bb6 16. Ne3 Rad8 17. Rad1 Kh8 18. Bb1 Ng4 19. Nxg4 Bxg4 20. Qd3 g6 21. Rd2 Nd4 22. Nd5 Nf3+ 23. Kh1 Nxd2 24. Qxd2 Ba7 25. f4 Be6 26. Be4 Qg7 27. g3 Bd4 28. Bxd4 exd4 29. Rd1 Bg4 30. Re1 Rde8 31. Kg2 Be6 32. Nb4 Bf5 33. Bf3 Rxe1 34. Qxe1 a5 35. Nd5 d3 36. g4 Bd7 37. Qe3 Bc6 38. Qxd3 Bxd5 39. Qxd5 Rxf4 40. Qxd6 Rf8 41. c5 Qb2+ 42. Kg3 Kg7 43. Qd5 Rf7 44. a4 Re7 45. h4 Qe5+ 46. Qxe5+ Rxe5 47. Bxb7 Rxc5 48. Kf4 Rc3 49. Bd5 Rh3 50. Bf3 Rxh4 51. Kg3 g5 52. Bd5 Rh6 0-1

[Event "FIDE WSTC Open 50 2025"]
[Site "Prague"]
[Date "2025.02.20"]
[Round "4.29"]
[White "Titscher, Libor"]
[Black "Wang, Pin"]
[Result "1/2-1/2"]
[Annotator "RC"]
[ECO "A22"]
[WhiteElo "2147"]
[BlackElo "2389"]
[PlyCount "83"]
[EventDate "2025.02.17"]
[EventType "team-tourn"]
[EventCountry "CZE"]
[SourceTitle "playchess.com"]
[Source "ChessBase"]
[SourceQuality "1"]
[TimeControl "40/5400+30:1800+30"]

1. c4 e5 2. Nc3 Nf6 3. g3 Nc6 4. Bg2 g6 5. Nf3 Bg7 6. d3 d6 7. Rb1 a5 8. a3 O-O 9. O-O Re8 10. Nd2 Be6 11. b4 axb4 12. axb4 Qd7 13. b5 Nd8 14. Re1 Bh3 15. Bh1 c6 16. Qb3 h6 17. Bb2 Ne6 18. Na4 Qc7 19. Ra1 Nd4 20. Bxd4 exd4 21. Ne4 Ng4 22. bxc6 bxc6 23. Qb6 Qxb6 24. Nxb6 Rxa1 25. Rxa1 f5 26. f3 fxe4 27. fxg4 exd3 28. exd3 Re3 29. Be4 Kh7 30. Ra7 Bxg4 31. Nd7 Kg8 32. Bxg6 Be5 33. Nxe5 dxe5 34. Be4 Be2 35. Bxc6 Rxd3 36. Bd5+ Kh8 37. Kf2 Rd2 38. Ke1 Rc2 39. Re7 d3 40. Rxe5 h5 41. Be4 Rxc4 42. Bxd3 1/2-1/2

[Event "FIDE WSTC Open 50 2025"]
[Site "Prague"]
[Date "2025.02.20"]
[Round "4.30"]
[White "Ning, Chunhong"]
[Black "Berndt, Matthias"]
[Result "1/2-1/2"]
[Annotator "ChessBase"]
[ECO "D03"]
[WhiteElo "2257"]
[BlackElo "2072"]
[PlyCount "75"]
[EventDate "2025.02.17"]
[EventType "team-tourn"]
[EventCountry "CZE"]
[SourceTitle "playchess.com"]
[Source "ChessBase"]
[SourceQuality "1"]
[TimeControl "40/5400+30:1800+30"]

1. d4 d5 2. Nf3 Nf6 3. Bg5 e6 4. e3 c5 5. c3 Nc6 6. Nbd2 Qb6 7. Qc2 Bd6 8. Bd3 Bd7 9. O-O Rc8 10. Qb3 Qc7 11. Qd1 h6 12. Bxf6 gxf6 13. dxc5 Bxc5 14. e4 dxe4 15. Nxe4 Be7 16. Qe2 Qf4 17. Rad1 f5 18. Qd2 Qxd2 19. Nexd2 Kd8 20. Rfe1 Kc7 21. Nb3 Rcd8 22. Nbd4 Nxd4 23. Nxd4 Bf6 24. Bc2 Rhg8 25. f3 a6 26. Kf2 Bc8 27. Ne2 Bh4+ 28. g3 Bf6 29. Rxd8 Rxd8 30. Rd1 Rxd1 31. Bxd1 Bd7 32. Bb3 Kd6 33. Ke3 Bb5 34. Nd4 Bd7 35. Bc2 Kc5 36. Bd3 Kd5 37. Bc2 Kc5 38. Bd3 1/2-1/2

[Event "FIDE WSTC Open 50 2025"]
[Site "Prague"]
[Date "2025.02.20"]
[Round "4.31"]
[White "Kuna, Ralf-Michael"]
[Black "Liang, Zhihua"]
[Result "1/2-1/2"]
[Annotator "ChessBase"]
[ECO "B44"]
[WhiteElo "2072"]
[BlackElo "2205"]
[PlyCount "44"]
[EventDate "2025.02.17"]
[EventType "team-tourn"]
[EventCountry "CZE"]
[SourceTitle "playchess.com"]
[Source "ChessBase"]
[SourceQuality "1"]
[TimeControl "40/5400+30:1800+30"]

1. e4 c5 2. Nf3 e6 3. d4 cxd4 4. Nxd4 Nc6 5. Nb5 d6 6. c4 Nf6 7. N1c3 a6 8. Na3 Be7 9. Be2 O-O 10. O-O b6 11. Be3 Bb7 12. Qd2 Ne5 13. f3 Rc8 14. Rfd1 Re8 15. Rac1 Bf8 16. h3 Ned7 17. Nc2 Qe7 18. Nd4 d5 19. cxd5 exd5 20. Nf5 Qe6 21. Nd4 Qe5 22. Bf1 Qe6 1/2-1/2

[Event "FIDE WSTC Open 50 2025"]
[Site "Prague"]
[Date "2025.02.20"]
[Round "4.32"]
[White "Liu, Shilan"]
[Black "Haentsch, Ralf"]
[Result "1/2-1/2"]
[Annotator "NA"]
[ECO "C78"]
[WhiteElo "2093"]
[BlackElo "2087"]
[PlyCount "60"]
[EventDate "2025.02.17"]
[EventType "team-tourn"]
[EventCountry "CZE"]
[SourceTitle "playchess.com"]
[Source "ChessBase"]
[SourceQuality "1"]
[TimeControl "40/5400+30:1800+30"]

1. e4 e5 2. Nf3 Nc6 3. Bb5 a6 4. Ba4 Nf6 5. O-O b5 6. Bb3 Be7 7. d3 O-O 8. Nc3 d6 9. a4 b4 10. Nd5 Na5 11. Ba2 Nxd5 12. Bxd5 c6 13. Ba2 c5 14. Bd5 Rb8 15. Nd2 Bg5 16. Nc4 Nxc4 17. Bxc4 a5 18. b3 Qf6 19. Bxg5 Qxg5 20. Qc1 Qxc1 21. Raxc1 Be6 22. Rcd1 Rbe8 23. Bb5 Re7 24. f4 f6 25. Rd2 g5 26. fxg5 fxg5 27. Bc4 Rxf1+ 28. Kxf1 Bxc4 29. dxc4 Rf7+ 30. Ke2 Rf6 1/2-1/2

[Event "FIDE WSTC Open 50 2025"]
[Site "Prague"]
[Date "2025.02.20"]
[Round "4.33"]
[White "Lesiege, Alexandre"]
[Black "Muir, Andrew J"]
[Result "1-0"]
[Annotator "RC"]
[ECO "B63"]
[WhiteElo "2504"]
[BlackElo "2166"]
[PlyCount "87"]
[EventDate "2025.02.17"]
[EventType "team-tourn"]
[EventCountry "CZE"]
[SourceTitle "playchess.com"]
[Source "ChessBase"]
[SourceQuality "1"]
[TimeControl "40/5400+30:1800+30"]

1. e4 c5 2. Nf3 Nc6 3. d4 cxd4 4. Nxd4 Nf6 5. Nc3 d6 6. Bg5 e6 7. Qd2 Be7 8. O-O-O O-O 9. h4 a6 10. Nxc6 bxc6 11. Rh3 e5 12. Rd3 Be6 13. Rxd6 Bxd6 14. Qxd6 Qb6 15. Be3 Qa5 16. Qxc6 Rfc8 17. Qb6 Qxb6 18. Bxb6 Rc6 19. Ba5 Rac8 20. f3 Bc4 21. Bxc4 Rxc4 22. Bb6 h6 23. Rd2 Kf8 24. Nd1 R4c6 25. Ba5 Ke7 26. Ne3 g6 27. b3 Ke6 28. c4 Rd6 29. Nd5 Nxd5 30. exd5+ Kf5 31. Kb2 e4 32. fxe4+ Kxe4 33. Kc3 f5 34. Re2+ Kf4 35. Kd4 g5 36. c5 Rd7 37. hxg5 hxg5 38. d6 g4 39. Re7 Rxe7 40. dxe7 Re8 41. Bd8 Kg3 42. c6 f4 43. c7 Kxg2 44. c8=Q 1-0

[Event "FIDE WSTC Open 50 2025"]
[Site "Prague"]
[Date "2025.02.20"]
[Round "4.34"]
[White "Farrell, Neil"]
[Black "Duong, Thanh Nha"]
[Result "1-0"]
[Annotator "ChessBase"]
[ECO "D30"]
[WhiteElo "2116"]
[BlackElo "2168"]
[PlyCount "95"]
[EventDate "2025.02.17"]
[EventType "team-tourn"]
[EventCountry "CZE"]
[SourceTitle "playchess.com"]
[Source "ChessBase"]
[SourceQuality "1"]
[TimeControl "40/5400+30:1800+30"]

1. d4 d5 2. c4 e6 3. Nf3 Nf6 4. g3 Bb4+ 5. Bd2 Be7 6. Bg2 O-O 7. O-O c6 8. Qc2 b6 9. Bf4 Bb7 10. Rd1 Nbd7 11. Ne5 Rc8 12. Nc3 Nh5 13. Nxd7 Qxd7 14. Qa4 Nxf4 15. gxf4 Qc7 16. cxd5 exd5 17. e3 Qb8 18. Rd2 Rfd8 19. Bh3 Rc7 20. Qd1 Rd6 21. Kh1 Rh6 22. Qf3 Bb4 23. Rc2 Qd8 24. Rg1 Bxc3 25. Rxc3 c5 26. f5 Qh4 27. Qg2 Qf6 28. Bg4 c4 29. Bf3 Rd7 30. b3 b5 31. bxc4 bxc4 32. Ra3 g6 33. Ra5 Kg7 34. Rc5 Qd8 35. Qg3 Rd6 36. Rb1 Bc6 37. Qe5+ f6 38. Qg3 g5 39. Ra5 Rd7 40. Rc5 Bb7 41. Rcb5 Bc6 42. Rc5 Bb7 43. Rxb7 Rxb7 44. Bxd5 Rd7 45. Be6 Rd6 46. Rc8 Qxc8 47. Bxc8 Rc6 48. Qb8 1-0

[Event "FIDE WSTC Open 50 2025"]
[Site "Prague"]
[Date "2025.02.20"]
[Round "4.35"]
[White "Berube, Richard"]
[Black "Neave, George"]
[Result "1/2-1/2"]
[Annotator "NA"]
[ECO "E81"]
[WhiteElo "2121"]
[BlackElo "2074"]
[PlyCount "57"]
[EventDate "2025.02.17"]
[EventType "team-tourn"]
[EventCountry "CZE"]
[SourceTitle "playchess.com"]
[Source "ChessBase"]
[SourceQuality "1"]
[TimeControl "40/5400+30:1800+30"]

1. d4 Nf6 2. c4 g6 3. Nc3 Bg7 4. e4 d6 5. f3 O-O 6. Be3 c5 7. d5 e6 8. Bd3 exd5 9. cxd5 Nbd7 10. Qd2 Ne5 11. Be2 a6 12. a4 Rb8 13. Bh6 Nxe4 14. Nxe4 Qh4+ 15. g3 Qxh6 16. Qxh6 Bxh6 17. f4 Nd7 18. Nxd6 Bg7 19. O-O-O Nb6 20. a5 Rd8 21. Nxf7 Rxd5 22. Nf3 Rxd1+ 23. Rxd1 Kxf7 24. axb6 Bf6 25. Rd5 Be7 26. Ng5+ Kg7 27. Re5 Bd6 28. Rd5 Be7 29. Re5 1/2-1/2

[Event "FIDE WSTC Open 50 2025"]
[Site "Prague"]
[Date "2025.02.20"]
[Round "4.36"]
[White "Sanger, Mark"]
[Black "Pineault, Denis"]
[Result "1-0"]
[Annotator "ChessBase"]
[ECO "B23"]
[WhiteElo "2135"]
[BlackElo "2270"]
[PlyCount "79"]
[EventDate "2025.02.17"]
[EventType "team-tourn"]
[EventCountry "CZE"]
[SourceTitle "playchess.com"]
[Source "ChessBase"]
[SourceQuality "1"]
[TimeControl "40/5400+30:1800+30"]

1. e4 c5 2. Nc3 Nc6 3. f4 g6 4. Nf3 Bg7 5. Bc4 e6 6. f5 gxf5 7. d3 Nge7 8. O-O d5 9. exd5 exd5 10. Bb3 Be6 11. Qe1 Qd7 12. Bf4 a6 13. Na4 Ng6 14. Nb6 Qd8 15. Nxd5 O-O 16. Bg5 Qd6 17. Nc3 Nd4 18. Qc1 b5 19. Bxe6 fxe6 20. Kh1 Rae8 21. Nxd4 cxd4 22. Ne2 e5 23. Ng3 Qe6 24. Bh6 Re7 25. Qg5 Nf4 26. Rae1 Ref7 27. Qxf4 Qxh6 28. Qxh6 Bxh6 29. Rxe5 Rc7 30. Nxf5 Bg7 31. Re2 Rcf7 32. g4 h5 33. h3 hxg4 34. hxg4 Kh7 35. Re6 Rc7 36. Rf2 Rfc8 37. Rh2+ Kg8 38. Re7 Kf8 39. Rxg7 Rxg7 40. Rh8+ 1-0

[Event "FIDE WSTC Open 50 2025"]
[Site "Prague"]
[Date "2025.02.20"]
[Round "4.37"]
[White "Aagaard, Jacob"]
[Black "Frenken, Marcel"]
[Result "1/2-1/2"]
[Annotator "RC"]
[ECO "B80"]
[WhiteElo "2435"]
[BlackElo "2064"]
[PlyCount "32"]
[EventDate "2025.02.17"]
[EventType "team-tourn"]
[EventCountry "CZE"]
[SourceTitle "playchess.com"]
[Source "ChessBase"]
[SourceQuality "1"]
[TimeControl "40/5400+30:1800+30"]

1. e4 c5 2. Nf3 e6 3. d4 cxd4 4. Nxd4 Nf6 5. Nc3 d6 6. Be3 a6 7. Qf3 Nbd7 8. Be2 Qc7 9. g4 Ne5 10. Qh3 Nc4 11. Bc1 Qc5 12. Nb3 Qc6 13. Nd4 Qc5 14. Nb3 Qc6 15. Nd4 Qc5 16. Nb3 Qc6 1/2-1/2

[Event "FIDE WSTC Open 50 2025"]
[Site "Prague"]
[Date "2025.02.20"]
[Round "4.38"]
[White "Van der Zwet, Bart"]
[Black "Jaksland, Tim"]
[Result "1/2-1/2"]
[Annotator "NA"]
[ECO "D02"]
[WhiteElo "1998"]
[BlackElo "2143"]
[PlyCount "36"]
[EventDate "2025.02.17"]
[EventType "team-tourn"]
[EventCountry "CZE"]
[SourceTitle "playchess.com"]
[Source "ChessBase"]
[SourceQuality "1"]
[TimeControl "40/5400+30:1800+30"]

1. d4 Nf6 2. Nf3 d5 3. Bf4 c5 4. e3 Nc6 5. c3 e6 6. Nbd2 Bd6 7. Bxd6 Qxd6 8. Bd3 O-O 9. O-O e5 10. dxe5 Nxe5 11. Nxe5 Qxe5 12. Nf3 Qe7 13. h3 h6 14. Qc2 Be6 15. Bf5 Rfd8 16. Bxe6 Qxe6 17. Rfd1 Ne4 18. Rd3 Rd6 1/2-1/2

[Event "FIDE WSTC Open 50 2025"]
[Site "Prague"]
[Date "2025.02.20"]
[Round "4.39"]
[White "Nordenbaek, Jan"]
[Black "Mengerink, Ynze"]
[Result "1/2-1/2"]
[Annotator "ChessBase"]
[ECO "B12"]
[WhiteElo "2192"]
[BlackElo "2101"]
[PlyCount "42"]
[EventDate "2025.02.17"]
[EventType "team-tourn"]
[EventCountry "CZE"]
[SourceTitle "playchess.com"]
[Source "ChessBase"]
[SourceQuality "1"]
[TimeControl "40/5400+30:1800+30"]

1. e4 c6 2. d4 d5 3. e5 Bf5 4. Nf3 e6 5. Be2 Nd7 6. O-O h6 7. Nbd2 Ne7 8. a4 Qc7 9. Nb3 Bg6 10. Re1 Nf5 11. g4 Ne7 12. Nh4 Bh7 13. f4 O-O-O 14. Bd3 Bxd3 15. cxd3 h5 16. gxh5 g6 17. Nf3 Rxh5 18. Ng5 Nf5 19. Nxf7 Re8 20. a5 Be7 21. Re2 Rh7 1/2-1/2

[Event "FIDE WSTC Open 50 2025"]
[Site "Prague"]
[Date "2025.02.20"]
[Round "4.40"]
[White "Merx, Bob"]
[Black "Nielsen, Niels-Peter"]
[Result "1/2-1/2"]
[Annotator "NA"]
[ECO "B10"]
[WhiteElo "1968"]
[BlackElo "2086"]
[PlyCount "30"]
[EventDate "2025.02.17"]
[EventType "team-tourn"]
[EventCountry "CZE"]
[SourceTitle "playchess.com"]
[Source "ChessBase"]
[SourceQuality "1"]
[TimeControl "40/5400+30:1800+30"]

1. e4 c6 2. d3 d5 3. Nd2 dxe4 4. dxe4 Nf6 5. Ngf3 Bg4 6. Be2 Nbd7 7. O-O Qc7 8. c3 e6 9. Qc2 Be7 10. a4 O-O 11. Re1 Rfd8 12. Nf1 Nc5 13. Ng3 Nh5 14. Nd4 Bxe2 15. Qxe2 Nxg3 1/2-1/2

[Event "FIDE WSTC Open 50 2025"]
[Site "Prague"]
[Date "2025.02.21"]
[Round "5.1"]
[White "Kazhgaleyev, Murtas"]
[Black "David, Alberto"]
[Result "1/2-1/2"]
[Annotator "ChessBase"]
[ECO "E46"]
[WhiteElo "2495"]
[BlackElo "2467"]
[PlyCount "32"]
[EventDate "2025.02.17"]
[EventType "team-tourn"]
[EventCountry "CZE"]
[SourceTitle "playchess.com"]
[Source "ChessBase"]
[SourceQuality "1"]
[TimeControl "40/5400+30:1800+30"]

1. d4 Nf6 2. c4 e6 3. Nc3 Bb4 4. e3 O-O 5. Bd2 d5 6. Nf3 b6 7. cxd5 exd5 8. Bd3 Be7 9. O-O c5 10. Ne5 Bb7 11. Qf3 Nc6 12. Rfd1 g6 13. Bb5 Qd6 14. Nxc6 Bxc6 15. dxc5 bxc5 16. Bxc6 Qxc6 1/2-1/2

[Event "FIDE WSTC Open 50 2025"]
[Site "Prague"]
[Date "2025.02.21"]
[Round "5.7"]
[White "Holemar, David"]
[Black "Stohl, Igor"]
[Result "1/2-1/2"]
[Annotator "ChessBase"]
[ECO "A46"]
[WhiteElo "2150"]
[BlackElo "2409"]
[PlyCount "21"]
[EventDate "2025.02.17"]
[EventType "team-tourn"]
[EventCountry "CZE"]
[SourceTitle "playchess.com"]
[Source "ChessBase"]
[SourceQuality "1"]
[TimeControl "40/5400+30:1800+30"]

1. d4 Nf6 2. Nf3 d5 3. c4 e6 4. e3 a6 5. Nc3 c5 6. a3 dxc4 7. Bxc4 b5 8. Bb3 Bb7 9. O-O Nbd7 10. Qe2 Be7 11. Rd1 1/2-1/2

[Event "FIDE WSTC Open 50 2025"]
[Site "Prague"]
[Date "2025.02.21"]
[Round "5.19"]
[White "Varga, Zoltan"]
[Black "Olafsson, Helgi"]
[Result "1/2-1/2"]
[Annotator "RC"]
[ECO "C10"]
[WhiteElo "2301"]
[BlackElo "2466"]
[PlyCount "22"]
[EventDate "2025.02.17"]
[EventType "team-tourn"]
[EventCountry "CZE"]
[SourceTitle "playchess.com"]
[Source "ChessBase"]
[SourceQuality "1"]
[TimeControl "40/5400+30:1800+30"]

1. e4 e6 2. d4 d5 3. Nc3 dxe4 4. Nxe4 Nd7 5. Nf3 Ngf6 6. Nxf6+ Nxf6 7. Be3 Bd6 8. g3 b6 9. Bb5+ Bd7 10. Qe2 Bxb5 11. Qxb5+ Qd7 1/2-1/2

[Event "FIDE WSTC Open 50 2025"]
[Site "Prague"]
[Date "2025.02.21"]
[Round "5.27"]
[White "Roobol, Martin"]
[Black "Guiot Dorel, Jerome"]
[Result "1/2-1/2"]
[Annotator "ChessBase"]
[ECO "B24"]
[WhiteElo "2242"]
[BlackElo "2030"]
[PlyCount "28"]
[EventDate "2025.02.17"]
[EventType "team-tourn"]
[EventCountry "CZE"]
[SourceTitle "playchess.com"]
[Source "ChessBase"]
[SourceQuality "1"]
[TimeControl "40/5400+30:1800+30"]

1. e4 c5 2. Nc3 Nc6 3. Bb5 Nd4 4. Nf3 a6 5. Bd3 g6 6. Nxd4 cxd4 7. Ne2 d5 8. c3 dxe4 9. Bxe4 d3 10. Qa4+ Bd7 11. Qd4 dxe2 12. Qxh8 Nf6 13. Bxb7 Rb8 14. Bxa6 Bc6 1/2-1/2

[Event "FIDE WSTC Open 50 2025"]
[Site "Prague"]
[Date "2025.02.21"]
[Round "5.31"]
[White "Mengerink, Ynze"]
[Black "Guo, Yun"]
[Result "1/2-1/2"]
[Annotator "ChessBase"]
[ECO "B00"]
[WhiteElo "2101"]
[BlackElo "2213"]
[PlyCount "23"]
[EventDate "2025.02.17"]
[EventType "team-tourn"]
[EventCountry "CZE"]
[SourceTitle "playchess.com"]
[Source "ChessBase"]
[SourceQuality "1"]
[TimeControl "40/5400+30:1800+30"]

1. e4 Nc6 2. Nc3 d6 3. d4 e5 4. Nf3 Bg4 5. Bb5 exd4 6. Qxd4 a6 7. Bxc6+ bxc6 8. Qd3 Qf6 9. Bg5 Qg6 10. Bf4 Be7 11. h3 Bd7 12. O-O-O 1/2-1/2

[Event "FIDE WSTC Open 50 2025"]
[Site "Prague"]
[Date "2025.02.21"]
[Round "5.35"]
[White "Nordenbaek, Jan"]
[Black "Svobodova, Michaela"]
[Result "1/2-1/2"]
[Annotator "ChessBase"]
[ECO "B22"]
[WhiteElo "2192"]
[BlackElo "2048"]
[PlyCount "36"]
[EventDate "2025.02.17"]
[EventType "team-tourn"]
[EventCountry "CZE"]
[SourceTitle "playchess.com"]
[Source "ChessBase"]
[SourceQuality "1"]
[TimeControl "40/5400+30:1800+30"]

1. e4 c5 2. c3 d5 3. exd5 Nf6 4. d4 cxd4 5. Qa4+ Nbd7 6. Qxd4 Nb6 7. Nf3 Qxd5 8. Qxd5 Nbxd5 9. Bb5+ Bd7 10. Bxd7+ Nxd7 11. O-O e6 12. Nbd2 Be7 13. Nb3 O-O 14. Bd2 Rac8 15. Rfe1 Rfd8 16. Rad1 Nc5 17. Nxc5 Bxc5 18. g3 Be7 1/2-1/2

[Event "FIDE WSTC Open 50 2025"]
[Site "Prague"]
[Date "2025.02.21"]
[Round "5.39"]
[White "Sagalchik, Olga"]
[Black "Mitchell, Martin"]
[Result "1/2-1/2"]
[Annotator "NA"]
[ECO "E10"]
[WhiteElo "2097"]
[BlackElo "2143"]
[PlyCount "33"]
[EventDate "2025.02.17"]
[EventType "team-tourn"]
[EventCountry "CZE"]
[SourceTitle "playchess.com"]
[Source "ChessBase"]
[SourceQuality "1"]
[TimeControl "40/5400+30:1800+30"]

1. d4 Nf6 2. c4 e6 3. Nf3 c5 4. Nc3 cxd4 5. Nxd4 a6 6. e4 d6 7. Be2 Be7 8. O-O O-O 9. Kh1 b6 10. Be3 Bb7 11. f3 Nbd7 12. Qd2 Rc8 13. Rad1 Qc7 14. Na4 Nc5 15. Nc3 Ncd7 16. Na4 Nc5 17. Nc3 1/2-1/2